 Dungeon Crawl Stone Soup version 0.23.2-40-g277498a001 (webtiles) character file.

Game seed: 3376305662159572165

49 Amplified the Skirmisher (level 3, 0/29 HPs)
             Began as a Mummy Fighter on Sept 9, 2019.
             Slain by a leopard gecko (2 damage)
             ... on level 2 of the Dungeon.
             The game lasted 00:01:18 (1250 turns).

Amplified the Skirmisher (Mummy Fighter)            Turns: 1250, Time: 00:01:18

Health: 0/29       AC:  6    Str: 19    XL:     3   Next: 51%
Magic:  3/3        EV:  7    Int:  8    God:
Gold:   73         SH:  9    Dex: 11    Spells: 2/2 levels left

rFire    . . .     SeeInvis .   a - +0 flail
rCold    + . .     Gourm    .   c - +0 shield
rNeg     + + +     Faith    .   b - +0 scale mail
rPois    ∞         Spirit   .   (no helmet)
rElec    .         Reflect  .   (no cloak)
rCorr    .         Harm     .   (no gloves)
MR       .....                  (no boots)
Stlth    ..........             (no amulet)
HPRegen  0.09/turn              d - ring of protection from fire
MPRegen  0.08/turn              (no ring)

@: no status effects
A: no food or potions, fire vulnerability, cold resistance 1, negative energy
resistance 3, torment resistance, unbreathing
a: no special abilities


You were on level 2 of the Dungeon.
You were not hungry.

You visited 1 branch of the dungeon, and saw 2 of its levels.

You collected 73 gold pieces.

Inventory:

Hand Weapons
 a - a +0 flail (weapon)
Armour
 b - a +0 scale mail (worn)
 c - a +0 shield (worn)
Jewellery
 d - a ring of protection from fire (left hand)
Scrolls
 h - a scroll of magic mapping


   Skills:
 + Level 3.2 Fighting
 * Level 2.2 Maces & Flails
 + Level 2.6 Armour
 * Level 2.9 Shields


You had 2 spell levels left.
You didn't know any spells.
Your spell library was empty.

Dungeon Overview and Level Annotations

Branches:
Dungeon (2/15)

Altars:
Vehumet


Innate Abilities, Weirdness & Mutations

You do not eat or drink.
Your flesh is vulnerable to fire.
You are immune to poison.
Your flesh is cold resistant. (rC+)
You are immune to negative energy. (rN+++)
You are immune to unholy pain and torment.
You can survive without breathing.


Message History

Okay, then.
You can't drink.
Unknown command.
Throwing (i - inventory)
g - 2 throwing nets (quivered)
Press: ? - help, Shift-Dir - straight line, f - leopard gecko
Aim: a leopard gecko (clinging)
You throw a throwing net.
The throwing net barely misses the leopard gecko.
The throwing net hits the quokka.
The quokka is caught in the net!
The leopard gecko bites you.
* * * LOW HITPOINT WARNING * * *
The quokka struggles against the net.
Throwing (i - inventory)
g - a throwing net (quivered)
Press: ? - help, Shift-Dir - straight line, f/p - leopard gecko
Aim: a leopard gecko (clinging)
You throw a throwing net.
The throwing net closely misses the leopard gecko.
The throwing net hits the quokka.
You block the leopard gecko's attack.
The quokka struggles against the net.
The leopard gecko bites you.
You die...

,* *,*,*,,,***,***.#.#.*** #...
,***,*,*,,.###,* *....,,,* #.##
,,,,,,,,,,.....###..#*,*,****#,**
,,,,,,,,,****#.....#*#.#,,,,,....
****,*,*** ***#?.# #.#*****#...
****,*,* ##..# #.# #..† ,,,,,,,*
#r..# #.# #.._ ,,,,,****** #l#.#
#.# #..÷ ***,,**,,.##**
#@#.###.## #..,
,**,,,,,,....###.#.##<..### #.#*
,**,***,,.##.........†....# #.#
,,,,,,,*,..........##...#.# #.#
,,,,,,,#.#######.#####.##.# #.#
,,,,,,,#...<...........##.####.#
,,,,,,...#######.########......#
,,,,,,,*,******#.# ########
,,,,,,,,,,,,,,,..#


You could see a leopard gecko and a quokka (caught).

Vanquished Creatures
  An adder (D:2)
  2 dart slugs
  A leopard gecko (D:1)
  A bat (D:2)
  3 giant cockroaches
  2 goblins (D:1)
  4 hobgoblins (D:1)
  6 jackals (D:1)
  A quokka (D:2)
  A frilled lizard (D:2)
  2 kobolds (D:1)
  8 rats
32 creatures vanquished.

Vanquished Creatures (others)
  A frilled lizard (D:2)
  A rat (D:2)
2 creatures vanquished.

Grand Total: 34 creatures vanquished

Notes
Turn   | Place    | Note
-------+----------+-------------------------------------------
     0 | D:1      | Amplified the Mummy Fighter began the quest for the Orb.
     0 | D:1      | Reached XP level 1. HP: 18/18 MP: 1/1
   232 | D:1      | Reached XP level 2. HP: 22/24 MP: 2/2
   917 | D:1      | Reached XP level 3. HP: 23/29 MP: 3/3
  1162 | D:2      | Found a radiant altar of Vehumet.
  1250 | D:2      | Slain by a leopard gecko

Skill      XL: |  1  2 |
---------------+-------+-----
Maces & Flails | 2 |  2.2
Fighting       | |  3.2
Armour         | |  2.6
Shields        | |  2.9

Action                   || total
-------------------------++-------
Melee: Flail             ||   134
Throw: Throwing net      ||     2
  Use: Scroll            ||     5
Armor: Scale mail        ||    54
Dodge: Dodged            ||    41
Block: Shield            ||    62
